TOP OF THE 1ST |
University of Georgia Bulldogs batting - Pitching for Arizona State University Sun Devils : LHP John Neville
|
Pitching: LHP John Neville
|
|
Batting: RHB Nate McCormick
|
0-0: Ball 1-0: Ball 2-0: Ball 3-0: Called Strike 3-1: Called Strike 3-2: Ground out 4-3 (Groundball, 34, EV 107.5 MPH)
|
Batting: LHB Casey Bass
|
0-0: Called Strike 0-1: Foul Ball, location: 2F 0-2: Strikes out swinging
|
Batting: RHB Charlie Davison
|
0-0: Called Strike 0-1: Ball 1-1: Ball 2-1: Ball 3-1: Foul Ball, location: 2F 3-2: Foul Ball, location: 2F 3-2: Fly out, F7 (Flyball, 7LM, EV 83.1 MPH)
|
Top of the 1st over - 0 runs, 0 hits, 0 errors, 0 left on base; University of Georgia 0 - Arizona State University 0 |
BOTTOM OF THE 1ST |
Arizona State University Sun Devils batting - Pitching for University of Georgia Bulldogs : RHP Rich Gold
|
Pitching: RHP Rich Gold
|
|
Batting: LHB Eric Russell
|
0-0: Ball 1-0: Ground out 4-3 (Groundball, 4M, EV 90.6 MPH)
|
Batting: RHB Rusty Gee
|
0-0: Called Strike 0-1: Foul Ball, location: 2F 0-2: Foul Ball, location: 2F 0-2: Ball 1-2: Ball 2-2: Strikes out swinging
|
Batting: SHB Manny Aponte
|
0-0: Ball 1-0: Ball 2-0: Ball 3-0: Base on Balls
|
Batting: LHB Dustin Gill
|
0-0: Called Strike 0-1: Ball 1-1: Ball 2-1: SINGLE (Groundball, 6D, EV 110.6 MPH) Manny Aponte to second
|
Batting: RHB Martin Boyle
|
0-0: Ball 1-0: Ball 2-0: Ball 3-0: Called Strike 3-1: Base on Balls Manny Aponte to third Dustin Gill to second
|
Batting: RHB John Burgis
|
0-0: Ball 1-0: Ball 2-0: Called Strike 2-1: Foul Ball, location: 2F 2-2: Fielders Choice at 2nd, U6 (Groundball, 6M, EV 91.2 MPH)
|
Bottom of the 1st over - 0 runs, 1 hit, 0 errors, 3 left on base; University of Georgia 0 - Arizona State University 0 |
TOP OF THE 2ND |
University of Georgia Bulldogs batting - Pitching for Arizona State University Sun Devils : LHP John Neville
|
Batting: RHB Murilo Cunha
|
0-0: Ball 1-0: Ball 2-0: SOLO HOME RUN (Flyball, 78XD, EV 97.5 MPH), Distance : 388 ft
|
Batting: LHB Dennis Klein
|
0-0: Called Strike 0-1: Ball 1-1: Called Strike 1-2: Ground out 5-3 (Groundball, 5, EV 89.4 MPH)
|
Batting: RHB Rodolfo Solis
|
0-0: Foul Ball, location: 2F 0-1: Foul Ball, location: 2F 0-2: Fly out, F7 (Flyball, 7D, EV 91.9 MPH)
|
Batting: LHB Sloan Rayner
|
0-0: Called Strike 0-1: Ball 1-1: Swinging Strike 1-2: Foul Ball, location: 2F 1-2: Strikes out swinging
|
Top of the 2nd over - 1 run, 1 hit, 0 errors, 0 left on base; University of Georgia 1 - Arizona State University 0 |
BOTTOM OF THE 2ND |
Arizona State University Sun Devils batting - Pitching for University of Georgia Bulldogs : RHP Rich Gold
|
Batting: LHB Burraga Iukini
|
0-0: Foul Ball, location: 2F 0-1: Ball 1-1: Ball 2-1: Called Strike 2-2: Ball 3-2: Foul Ball, location: 2F 3-2: Strikes out swinging
|
Batting: RHB Jun-hyuk Leem
|
0-0: Called Strike 0-1: Called Strike 0-2: Fly out, F8 (Flyball, 8RD, EV 83.8 MPH)
|
Batting: RHB Carl Evans
|
0-0: Called Strike 0-1: Foul Ball, location: 2F 0-2: Fly out, F8 (Flyball, 89M, EV 92.5 MPH)
|
Bottom of the 2nd over - 0 runs, 0 hits, 0 errors, 0 left on base; University of Georgia 1 - Arizona State University 0 |
TOP OF THE 3RD |
University of Georgia Bulldogs batting - Pitching for Arizona State University Sun Devils : LHP John Neville
|
Batting: LHB Andy Dyer
|
0-0: Ball 1-0: Ball 2-0: Called Strike 2-1: Ball 3-1: SINGLE (Groundball, 4MD, EV 103.1 MPH) (infield hit)
|
Batting: RHB James Warby
|
0-0: Called Strike 0-1: Ball 1-1: Ball 2-1: Ball 3-1: Grounds into double play, 5-4-3 (Groundball, 56S, EV 88.8 MPH)
|
Batting: RHB Nate McCormick
|
0-0: Called Strike 0-1: Ball 1-1: Fly out, F8 (Flyball, 8RD, EV 101.9 MPH)
|
Top of the 3rd over - 0 runs, 1 hit, 0 errors, 0 left on base; University of Georgia 1 - Arizona State University 0 |
BOTTOM OF THE 3RD |
Arizona State University Sun Devils batting - Pitching for University of Georgia Bulldogs : RHP Rich Gold
|
Batting: LHB Eric Russell
|
0-0: Ball 1-0: Called Strike 1-1: Ball 2-1: SINGLE (Line Drive, 9LS, EV 90.6 MPH)
|
Batting: RHB Rusty Gee
|
0-0: Ball Eric Russell steals 2nd base 1-0: Called Strike 1-1: Ground out 5-3 (Groundball, 56, EV 105.0 MPH)
|
Batting: SHB Manny Aponte
|
0-0: Ball 1-0: SINGLE (Groundball, 6MD, EV 94.4 MPH) Eric Russell to third Runner from 3rd tries for Home, SAFE, throw by CF to home Manny Aponte to second
|
Batting: LHB Dustin Gill
|
0-0: Called Strike 0-1: Swinging Strike 0-2: Ball 1-2: Strikes out looking
|
Batting: RHB Martin Boyle
|
0-0: Ball 1-0: Ball 2-0: Foul Ball, location: 2F 2-1: SINGLE (Groundball, 56D, EV 97.5 MPH) Manny Aponte to third Runner from 3rd tries for Home, SAFE, throw by LF to home Martin Boyle to second
|
Batting: RHB John Burgis
|
0-0: Ground out 4-3 (Groundball, 4S, EV 70.0 MPH)
|
Bottom of the 3rd over - 2 runs, 3 hits, 0 errors, 1 left on base; University of Georgia 1 - Arizona State University 2 |
TOP OF THE 4TH |
University of Georgia Bulldogs batting - Pitching for Arizona State University Sun Devils : LHP John Neville
|
Batting: LHB Casey Bass
|
0-0: Ball 1-0: Foul Ball, location: 2F 1-1: Ball 2-1: Foul Ball, location: 2F 2-2: Foul Ball, location: 2F 2-2: Ball 3-2: Base on Balls
|
Batting: RHB Charlie Davison
|
0-0: Ball 1-0: Foul Ball, location: 2F 1-1: Ball 2-1: Called Strike 2-2: Ball 3-2: Fly out, F8 (Line Drive, 8LD, EV 103.1 MPH)
|
Batting: RHB Murilo Cunha
|
0-0: Called Strike 0-1: Ball 1-1: Ball 2-1: Swinging Strike 2-2: Foul Ball, location: 2F 2-2: Strikes out looking
|
Batting: LHB Dennis Klein
|
0-0: SINGLE (Line Drive, 6MD, EV 100.0 MPH) Casey Bass to second
|
Batting: RHB Rodolfo Solis
|
0-0: Foul Ball, location: 2F 0-1: Fielders Choice at 2nd, U6 (Groundball, 6M, EV 87.5 MPH)
|
Top of the 4th over - 0 runs, 1 hit, 0 errors, 2 left on base; University of Georgia 1 - Arizona State University 2 |
BOTTOM OF THE 4TH |
Arizona State University Sun Devils batting - Pitching for University of Georgia Bulldogs : RHP Rich Gold
|
Batting: LHB Burraga Iukini
|
0-0: Called Strike 0-1: Swinging Strike 0-2: Ball 1-2: Ball 2-2: Ball 3-2: Base on Balls
|
Batting: RHB Jun-hyuk Leem
|
0-0: Foul Ball, location: 2F 0-1: Called Strike 0-2: Ball 1-2: Strikes out swinging
|
Batting: RHB Carl Evans
|
0-0: Called Strike 0-1: Ball Burraga Iukini steals 2nd base 1-1: Ball 2-1: Foul Ball, location: 2F 2-2: Foul Ball, location: 2F 2-2: Strikes out swinging
|
Batting: LHB Eric Russell
|
0-0: Called Strike 0-1: Ball 1-1: Called Strike 1-2: Fly out, F3 (Flyball, 34D, EV 85.6 MPH)
|
Bottom of the 4th over - 0 runs, 0 hits, 0 errors, 1 left on base; University of Georgia 1 - Arizona State University 2 |
TOP OF THE 5TH |
University of Georgia Bulldogs batting - Pitching for Arizona State University Sun Devils : LHP John Neville
|
Batting: LHB Sloan Rayner
|
0-0: Swinging Strike 0-1: Ground out 5-3 (Groundball, 5L, EV 86.2 MPH)
|
Batting: LHB Andy Dyer
|
0-0: Swinging Strike 0-1: Hit by Pitch
|
Batting: RHB James Warby
|
0-0: Ball 1-0: Called Strike 1-1: Called Strike 1-2: Ball 2-2: Ball 3-2: Grounds into double play, 5-4-3 (Groundball, 56, EV 83.8 MPH)
|
Top of the 5th over - 0 runs, 0 hits, 0 errors, 0 left on base; University of Georgia 1 - Arizona State University 2 |
BOTTOM OF THE 5TH |
Arizona State University Sun Devils batting - Pitching for University of Georgia Bulldogs : RHP Rich Gold
|
Batting: RHB Rusty Gee
|
0-0: Ball 1-0: SINGLE (Groundball, 5D, EV 101.2 MPH)
|
Batting: SHB Manny Aponte
|
0-0: Called Strike Rusty Gee is caught stealing 2nd base 2-6 0-1: Ball 1-1: Swinging Strike 1-2: Foul Ball, location: 2LF, Error on foul ball, E2 1-2: Ball 2-2: Strikes out swinging
|
Batting: LHB Dustin Gill
|
0-0: Called Strike 0-1: Swinging Strike 0-2: Strikes out looking
|
Bottom of the 5th over - 0 runs, 1 hit, 1 error, 0 left on base; University of Georgia 1 - Arizona State University 2 |
TOP OF THE 6TH |
University of Georgia Bulldogs batting - Pitching for Arizona State University Sun Devils : LHP John Neville
|
Pitching: RHP Josh Wolford
|
|
Batting: RHB Nate McCormick
|
0-0: Ball 1-0: Foul Ball, location: 2F 1-1: Called Strike 1-2: Strikes out looking
|
Batting: LHB Casey Bass
|
0-0: Ball 1-0: Ball 2-0: Foul Ball, location: 2F 2-1: Ground out 1-3 (Groundball, P, EV 61.2 MPH)
|
Batting: RHB Charlie Davison
|
0-0: Ball 1-0: Swinging Strike 1-1: Foul Ball, location: 2F 1-2: Ball 2-2: Foul Ball, location: 2F 2-2: Strikes out swinging
|
Top of the 6th over - 0 runs, 0 hits, 0 errors, 0 left on base; University of Georgia 1 - Arizona State University 2 |
BOTTOM OF THE 6TH |
Arizona State University Sun Devils batting - Pitching for University of Georgia Bulldogs : RHP Rich Gold
|
Pitching: RHP Pacu Panic
|
|
Batting: RHB Martin Boyle
|
0-0: Ball 1-0: Swinging Strike 1-1: Foul Ball, location: 2F 1-2: Foul Ball, location: 2F 1-2: Foul Ball, location: 2F 1-2: Ground out 4-3 (Groundball, 4, EV 94.4 MPH)
|
Batting: RHB John Burgis
|
0-0: Ball 1-0: Fly out, F7 (Flyball, 7, EV 90.0 MPH)
|
Batting: LHB Burraga Iukini
|
0-0: Ball 1-0: Ball 2-0: Ball 3-0: Called Strike 3-1: Foul Ball, location: 2F 3-2: Ground out 4-3 (Groundball, 4M, EV 107.5 MPH)
|
Bottom of the 6th over - 0 runs, 0 hits, 0 errors, 0 left on base; University of Georgia 1 - Arizona State University 2 |
TOP OF THE 7TH |
University of Georgia Bulldogs batting - Pitching for Arizona State University Sun Devils : RHP Josh Wolford
|
Batting: RHB Murilo Cunha
|
0-0: Called Strike 0-1: Ball 1-1: Reached via error on a dropped throw from 2B, E3 (Groundball, 4M, EV 96.9 MPH)
|
Batting: LHB Dennis Klein
|
0-0: Ground out 6-3 (Groundball, 6MD, EV 105.6 MPH) Murilo Cunha to second
|
Pitching: RHP Bill Dominguez
|
|
Batting: RHB Rodolfo Solis
|
0-0: Called Strike Murilo Cunha is caught stealing 3rd base 2-5 0-1: SINGLE (Groundball, 6MD, EV 98.8 MPH)
|
Batting: LHB Sloan Rayner
|
0-0: Ball 1-0: Swinging Strike 1-1: Swinging Strike 1-2: Foul Ball, location: 2F 1-2: Ground out 4-3 (Groundball, 34D, EV 105.0 MPH)
|
Top of the 7th over - 0 runs, 1 hit, 1 error, 1 left on base; University of Georgia 1 - Arizona State University 2 |
BOTTOM OF THE 7TH |
Arizona State University Sun Devils batting - Pitching for University of Georgia Bulldogs : RHP Pacu Panic
|
Batting: RHB Jun-hyuk Leem
|
0-0: Ball 1-0: Foul Ball, location: 2F 1-1: Foul Ball, location: 2F 1-2: Ball 2-2: Foul Ball, location: 2F 2-2: Ball 3-2: Foul Ball, location: 2F 3-2: Base on Balls
|
Batting: RHB Carl Evans
|
0-0: Ball 1-0: Foul Ball, location: 2F 1-1: Called Strike 1-2: Foul Ball, location: 2F 1-2: Foul Ball, location: 2F 1-2: Foul Ball, location: 2F 1-2: Strikes out swinging
|
Batting: LHB Eric Russell
|
0-0: Ball 1-0: Foul Ball, location: 2F 1-1: Ball 2-1: Called Strike 2-2: Fielders Choice at 2nd, 3-6 (Groundball, 3S, EV 86.9 MPH)
|
Batting: RHB Rusty Gee
|
0-0: Called Strike 0-1: Foul Ball, location: 2F 0-2: Ball 1-2: Foul Ball, location: 2F 1-2: Ground out 4-3 (Groundball, 34S, EV 90.0 MPH)
|
Bottom of the 7th over - 0 runs, 0 hits, 0 errors, 1 left on base; University of Georgia 1 - Arizona State University 2 |
TOP OF THE 8TH |
University of Georgia Bulldogs batting - Pitching for Arizona State University Sun Devils : RHP Bill Dominguez
|
Batting: LHB Andy Dyer
|
0-0: Ball 1-0: Ball 2-0: Ball 3-0: Called Strike 3-1: Foul Ball, location: 2F 3-2: Strikes out looking
|
Batting: RHB James Warby
|
0-0: Ball 1-0: Foul Ball, location: 2F 1-1: Called Strike 1-2: Strikes out looking
|
Batting: RHB Nate McCormick
|
0-0: Called Strike 0-1: Swinging Strike 0-2: Strikes out swinging
|
Top of the 8th over - 0 runs, 0 hits, 0 errors, 0 left on base; University of Georgia 1 - Arizona State University 2 |
BOTTOM OF THE 8TH |
Arizona State University Sun Devils batting - Pitching for University of Georgia Bulldogs : RHP Pacu Panic
|
Pitching: LHP Andres Caceres
|
|
Batting: SHB Manny Aponte
|
0-0: Swinging Strike 0-1: Foul Ball, location: 2F 0-2: Strikes out looking
|
Batting: LHB Dustin Gill
|
0-0: Ball 1-0: Fly out, F8 (Flyball, 89XD, EV 98.8 MPH)
|
Batting: RHB Martin Boyle
|
0-0: Ball 1-0: SOLO HOME RUN (Flyball, 7D, EV 99.4 MPH), Distance : 372 ft
|
Batting: RHB John Burgis
|
0-0: Ground out 5-3 (Groundball, 56, EV 82.5 MPH)
|
Bottom of the 8th over - 1 run, 1 hit, 0 errors, 0 left on base; University of Georgia 1 - Arizona State University 3 |
TOP OF THE 9TH |
University of Georgia Bulldogs batting - Pitching for Arizona State University Sun Devils : RHP Bill Dominguez
|
Pitching: RHP Roberto Silva
|
|
Batting: LHB Casey Bass
|
0-0: Called Strike 0-1: Called Strike 0-2: Ball 1-2: Foul Ball, location: 2F 1-2: Foul Ball, location: 2F 1-2: Ball 2-2: Ground out U3 (Groundball, 34, EV 86.9 MPH)
|
Batting: RHB Charlie Davison
|
0-0: Called Strike 0-1: Ball 1-1: Ball 2-1: Foul Ball, location: 2F 2-2: Foul Ball, location: 2F 2-2: SINGLE (Line Drive, 9S, EV 90.0 MPH)
|
Batting: RHB Murilo Cunha
|
0-0: Ball 1-0: Ball 2-0: Ball 3-0: Called Strike 3-1: Called Strike 3-2: Foul Ball, location: 2F 3-2: Foul Ball, location: 2F 3-2: Foul Ball, location: 2F 3-2: Ground out 6-3 (Groundball, 6, EV 87.5 MPH) Charlie Davison to second
|
Batting: LHB Dennis Klein
|
0-0: Ball 1-0: Called Strike 1-1: Ground out 6-3 (Groundball, 56D, EV 90.6 MPH)
|
Top of the 9th over - 0 runs, 1 hit, 0 errors, 1 left on base; University of Georgia 1 - Arizona State University 3 |
|